Map: Ultralove

Players

INFERNO

  • Race: Terran Terran
  • League: Diamond
  • Spawn Location: 7:00

Toadvine - Winner!

  • Race: Terran Terran
  • League: Platinum
  • Spawn Location: 1:00

VOD

Have the link to the VOD?

Description

Time

  • Played on: Oct. 9, 2025, 2:54 p.m.
  • Length: 13:27
Show
View Real Time Build Order
Export as new Build Order

INFERNO Terran 

Build Orders:  

Get SALT Encoding   

  12  0:05  SCV  
  13  0:17  SCV  
  14  0:25  Supply Depot  
  14  0:29  SCV  
  15  0:47  SCV  
  16  0:59  SCV  
  16  1:00  Barracks  
  17  1:11  SCV  
  18  1:23  SCV  
  18  1:25  Command Center  
  19  1:51  Bunker  
  19  1:52  Marine  
  20  1:58  Supply Depot  
  20  2:01  Orbital Command  
  20  2:09  Refinery  
  20  2:10  Marine  
  20  2:15  Refinery  
  21  2:28  Marine  
  22  2:33  SCV  
  23  2:38  Orbital Command  
  23  2:45  SCV  
  23  2:51  Marine  
  24  2:57  SCV  
  26  3:08  SCV  
  26  3:09  SCV  
  28  3:17  Factory  
  28  3:20  SCV  
  28  3:21  SCV  
  30  3:31  Barracks Tech Lab  
  30  3:32  SCV  
  30  3:33  SCV  
  32  3:43  Engineering Bay  
  32  3:44  SCV  
  32  3:45  SCV  
  34  3:53  Refinery  
  34  3:55  Stimpack  
  34  3:56  SCV  
  34  3:57  SCV  
  36  4:08  SCV, Factory Tech Lab  
  38  4:10  SCV  
  38  4:20  SCV  
  38  4:21  Missile Turret  
  38  4:22  SCV  
  40  4:24  Missile Turret  
  40  4:30  Missile Turret  
  40  4:31  Missile Turret  
  40  4:33  SCV  
  40  4:34  SCV  
  40  4:35  Missile Turret x2  
  42  4:40  Missile Turret  
  42  4:43  Refinery  
  42  4:45  Marine, SCV  
  44  4:46  SCV  
  44  4:48  Missile Turret  
  45  4:57  SCV  
  46  5:00  Supply Depot  
  46  5:01  Supply Depot  
  46  5:03  Supply Depot  
  46  5:10  Starport  
  46  5:11  Starport  
  46  5:21  Marine, Siege Tank, SCV x2  
  52  5:34  Missile Turret, SCV x2  
  54  5:46  SCV x2  
  56  5:54  Siege Tank  
  59  6:09  Fusion Core  
  59  6:13  Supply Depot  
  59  6:17  Starport Tech Lab  
  59  6:19  Starport Tech Lab  
  59  6:26  Command Center  
  59  6:27  Barracks  
  59  6:29  Barracks  
  59  6:31  Command Center, Barracks  
  59  6:36  Supply Depot  
  59  7:10  Siege Tank  
  59  7:13  Battlecruiser x2  
  74  7:16  Terran Infantry Weapons Level 1  
  74  7:17  Weapon Refit  
  74  7:37  Marine x2  
  74  7:38  Marine x2  
  74  7:40  Orbital Command  
  78  7:52  Armory  
  78  7:53  Armory  
  78  7:55  Marine x3  
  78  7:56  Marine  
  78  7:58  Supply Depot  
  82  8:01  Supply Depot  
  82  8:13  Marine  
  82  8:17  Viking x2  
  87  8:27  Starport x2  
  87  8:46  Orbital Command  
  87  8:47  Viking x2  
  79  9:17  Viking x2  
  95  9:31  Viking x2  
  99  9:46  SCV x3  
  99  9:47  Viking x2  
  99  9:48  Planetary Fortress  
  106  9:58  Siege Tank, SCV x2  
  106  9:59  SCV  
  112  10:01  Viking x2  
  116  10:10  SCV  
  116  10:11  SCV x2  
  119  10:17  Viking x2  
  123  10:30  Siege Tank  
  123  10:31  Viking  
  123  10:32  Terran Vehicle Weapons Level 1, Refinery  
  123  10:33  Refinery  
  128  10:40  SCV  
  129  10:52  SCV  
  129  11:02  Siege Tank  
  132  11:04  Supply Depot  
  132  11:09  Missile Turret  
  132  11:12  Missile Turret  
  132  11:14  Missile Turret  
  132  11:26  SCV  
  132  11:27  Marine x4  
  132  11:28  Supply Depot x2  
  137  11:36  Factory  
  137  11:37  Factory  
  137  11:38  SCV  
  138  11:44  Marine  
  138  11:45  Marine  
  140  11:47  Starport Tech Lab  
  140  11:49  Marine x2  
  140  11:50  SCV  
  140  11:52  Starport Tech Lab  
  143  11:56  SCV x3  
  146  12:02  Marine x2, SCV  
  150  12:08  SCV x2  
  150  12:09  SCV  
  150  12:13  Refinery x2  
  150  12:14  SCV  
  153  12:20  SCV  
  154  12:31  Command Center  
  154  12:35  SCV  
  154  12:36  Command Center  
  126  12:45  Command Center  
  126  12:47  SCV  
  121  12:51  Viking  
  121  12:52  Viking x3  
  118  13:00  SCV  
  118  13:03  Marine x4  
  113  13:12  SCV  
Show
View Real Time Build Order
Export as new Build Order

Toadvine Terran - Winner!

Build Orders: Mech 

Get SALT Encoding   

  12  0:00  SCV  
  13  0:12  SCV  
  14  0:17  Supply Depot  
  14  0:24  SCV  
  15  0:39  SCV  
  15  0:40  Barracks  
  16  0:46  Refinery  
  16  0:51  Refinery  
  16  0:54  SCV  
  17  1:06  SCV  
  18  1:18  SCV  
  19  1:28  Reaper  
  19  1:32  Orbital Command  
  20  1:42  Supply Depot  
  20  1:49  Factory  
  20  1:59  SCV  
  20  2:01  Reaper  
  22  2:22  Command Center  
  22  2:34  Factory Tech Lab  
  22  2:36  Starport  
  22  2:40  SCV  
  22  2:41  Barracks Reactor  
  23  2:52  SCV  
  24  2:59  Siege Tank  
  24  3:04  SCV  
  28  3:10  Refinery  
  28  3:15  Starport Tech Lab, Refinery  
  28  3:18  Marine  
  28  3:19  Marine  
  30  3:21  SCV  
  31  3:33  SCV  
  32  3:36  Orbital Command  
  32  3:44  Raven  
  32  3:45  SCV  
  35  3:53  Supply Depot  
  35  3:57  SCV  
  35  3:59  Siege Tank  
  39  4:03  SCV  
  41  4:10  Marine, SCV  
  41  4:15  SCV  
  43  4:17  Marine  
  43  4:22  SCV  
  45  4:27  SCV  
  45  4:28  Supply Depot  
  45  4:29  Raven  
  45  4:30  Interference Matrix  
  48  4:34  SCV  
  48  4:35  Siege Tank  
  48  4:37  Marine  
  53  4:39  SCV  
  54  4:47  Engineering Bay  
  54  4:49  SCV  
  54  4:51  SCV  
  56  4:54  Marine  
  57  5:01  SCV  
  57  5:02  Factory  
  57  5:03  SCV  
  57  5:06  Factory  
  59  5:14  Raven, SCV  
  62  5:25  Supply Depot  
  62  5:26  SCV  
  63  5:34  SCV  
  64  5:38  Marine, Siege Tank, SCV  
  64  5:39  Marine  
  70  5:47  Supply Depot, SCV  
  71  5:52  Factory Tech Lab  
  71  5:56  SCV  
  72  5:57  Factory  
  72  5:59  SCV  
  73  6:05  Command Center  
  73  6:09  SCV  
  73  6:11  SCV  
  75  6:13  Siege Tank  
  75  6:16  Viking  
  80  6:18  Barracks Reactor  
  80  6:22  SCV  
  81  6:27  Factory Tech Lab  
  81  6:29  Viking  
  81  6:30  Siege Tank  
  86  6:42  Supply Depot  
  86  6:45  Refinery  
  86  6:49  SCV x2  
  86  6:50  Refinery  
  88  6:58  Siege Tank x2  
  94  7:04  Siege Tank, SCV x2  
  94  7:05  Marine x2  
  101  7:08  Supply Depot  
  101  7:15  Armory  
  101  7:16  SCV, Viking x2  
  106  7:25  SCV  
  106  7:28  SCV  
  108  7:37  Starport, Orbital Command  
  108  7:46  Cyclone x3  
  108  7:48  Viking  
  119  7:59  Missile Turret  
  119  8:04  Missile Turret x2  
  119  8:25  Viking x2  
  123  8:29  Starport Reactor  
  123  8:37  Supply Depot  
  123  8:40  Supply Depot  
  123  8:44  Missile Turret  
  123  8:45  Missile Turret  
  123  8:47  Marine x2  
  125  8:52  Terran Vehicle And Ship Armor Level 1  
  125  8:59  Siege Tank, SCV x3  
  125  9:01  Missile Turret x2, Viking  
  125  9:02  Siege Tank x2, Viking  
  141  9:06  Supply Depot x2  
  141  9:11  SCV x3  
  144  9:21  Viking x2  
  148  9:29  Supply Depot  
  148  9:54  Command Center  
  148  9:57  Viking x4  
  148  9:58  Cyclone x2  
  148  9:59  Missile Turret, Cyclone  
  165  10:02  Refinery  
  165  10:12  Supply Depot  
  165  10:13  Armory  
  165  10:30  Sensor Tower  
  165  10:35  Viking x4  
  173  10:37  Sensor Tower  
  173  10:38  Supply Depot  
  173  10:40  Sensor Tower  
  173  10:47  Missile Turret  
  173  10:52  Siege Tank x2  
  173  10:55  Supply Depot  
  179  10:57  Terran Infantry Weapons Level 1  
  179  10:59  Siege Tank  
  182  11:04  Terran Ship Weapons Level 1, Terran Vehicle And Ship Armor Level 2  
  182  11:15  Viking  
  182  11:16  Viking  
  182  11:18  SCV x3  
  189  11:26  Refinery  
  189  11:27  Orbital Command  
  189  11:30  SCV x3  
  189  11:32  Viking x2  
  196  11:51  SCV x3  
  192  12:03  SCV x2  
  194  12:19  Missile Turret  
  194  12:20  Missile Turret  
  194  12:24  Missile Turret  
  194  12:27  Missile Turret  
  194  12:29  Missile Turret  
  186  12:51  Missile Turret  
Tags
 
Composition
Mech
Matchup
TvT
Race
Terran
Spawn Locations
Cross Positions
Add a new tag
Caveats
  • Supply blocks, unpowered buildings, or Contaminate may cause inaccurate times.
  • Supply counts are checked every 10 seconds.